 Dungeon Crawl Stone Soup version 0.28-a0-305-g9e858e973b (webtiles) character file.

Game seed: 11296446638134482755

3 dolemite99 the Chopper (level 1, -2/19 HPs)
             Began as a Hill Orc Cinder Acolyte on Aug 29, 2021.
             Was a High Priest of Ignis.
             Slain by an adder (5 damage)
             ... on level 2 of the Dungeon.
             The game lasted 00:00:37 (237 turns).

dolemite99 the Chopper (Hill Orc Cinder Acolyte)     Turns: 237, Time: 00:00:38

Health: -2/19      AC:  2    Str: 17    XL:     1   Next: 50%
Magic:  0/2        EV: 11    Int: 13    God:    Ignis [*****.]
Gold:   23         SH:  0    Dex:  6    Spells: 1/2 levels left

rFire   + . .      SeeInvis .   a - -1 hand axe (flame)
rCold   . . .      Faith    .   (no shield)
rNeg    . . .      Spirit   .   b - +0 robe
rPois   .          Reflect  .   (no helmet)
rElec   .          Harm     .   (no cloak)
rCorr   .          Rampage  .   (no gloves)
Will    .....                   (no boots)
Stlth   +.........              (no amulet)
HPRegen 0.06/turn               (no ring)
MPRegen 0.08/turn               (no ring)

@: very slightly contaminated
A: no striking features
a: Renounce Religion, Sea of Fire, Foxfire Swarm, Rising Flame


You were on level 2 of the Dungeon.
You worshipped Ignis.
Ignis was extremely pleased with you.
You visited 1 branch of the dungeon, and saw 2 of its levels.

You collected 23 gold pieces.

Inventory:

Hand Weapons
 a - a -1 hand axe of flaming (weapon)
Missiles
 c - 25 stones
Armour
 b - a +0 robe (worn)
Scrolls
 d - a scroll of enchant weapon {unknown}


   Skills:
 - Level 3.6 Fighting
 - Level 4.0 Axes
 - Level 1.0 Spellcasting
 + Level 1.7 Fire Magic


You had one spell level left.
You knew the following spells:

 Your Spells              Type           Power      Damage    Failure   Level
a - Foxfire               Conj/Fire      8%         2x1d4     21%         1

Your spell library contained the following spells:

 Spells                   Type           Power      Damage    Failure   Level


Dungeon Overview and Level Annotations

Branches:
Dungeon (1/15)

Altars:


Message History

Casting: Foxfire (safe; 21% risk of failure)
Confirm with . or Enter, or press ? or * to list all spells.
You conjure some foxfire!
The foxfire hits the worm.
The worm is heavily wounded.
The foxfire hits the worm but does no damage.
The worm is heavily wounded.
HP restored.
You see here a frilled lizard corpse.
An adder comes into view.
The adder hisses angrily.
The adder moves out of view.
An adder is nearby!
Casting: Foxfire (safe; 21% risk of failure)
Confirm with . or Enter, or press ? or * to list all spells.
You conjure some foxfire!
The foxfire hits the adder.
The adder is lightly wounded.
The adder barely misses you.
Your foxfire dissipates!
The adder bites you. The adder closely misses you. The adder bites you.
Found a stone staircase leading up.
Casting: Foxfire (safe; 21% risk of failure)
Confirm with . or Enter, or press ? or * to list all spells.
You conjure some foxfire!
The adder closely misses you. x2
The foxfire hits the worm.
The worm is lightly wounded.
The foxfire hits the adder.
The adder is lightly wounded.
The adder barely misses you. The worm bites you.
Casting: Foxfire (safe; 21% risk of failure)
Confirm with . or Enter, or press ? or * to list all spells.
You miscast Foxfire.
You are very lightly contaminated with residual magic.
Nothing appears to happen.
The adder bites you. The adder misses you. The worm bites you.
* * * LOW HITPOINT WARNING * * *
A giant cockroach comes into view.
The adder bites you.
You die...

##.........#
#.....##.#...#. #.
#.. #.....##.#
.#..#..#.. .
##†..†.##.#
#..#..#..#B.
.......##.# ....
....... .#.....##.#
#.###..<....
.##.......###.#
.....
.##..#.###....###..#
.##.##.# #.....S@..#
.##.##.# #....w..#.#
.......# #.......# #
###.#### #.......#
#.# #.......# #.##
###.......####..
#..#
#......#.......#
##.#
#.####.#.#####.. #.#
#.####.#.####


You could see a worm, an adder and a giant cockroach.

Vanquished Creatures
  An endoplasm (D:2)
  2 frilled lizards
  A rat (D:2)
4 creatures vanquished.

Vanquished Creatures (others)
  18 foxfires
18 creatures vanquished.

Grand Total: 22 creatures vanquished

Notes
Turn   | Place    | Note
-------+----------+-------------------------------------------
     0 | D:1      | dolemite99 the Hill Orc Cinder Acolyte began the quest for
                  | the Orb.
     0 | D:1      | Reached XP level 1. HP: 19/19 MP: 2/2
    29 | D:1      | You fall into a shaft and drop 1 floor!
   237 | D:2      | Slain by an adder

Illustrated notes

Levels and vault maps discovered:
D:1:      dpeg_arrival_connections, layout_rooms, serial_shops, shop
D:2:      layout_loops_cross, hellmonk_ecumenical_altar_run_dry,
          minmay_misc_feat_diagonals, uniq_crazy_yiuf_cottage

Action                   || total
-------------------------++-------
Melee: Hand axe          ||     1
 Cast: Foxfire           ||    11
Armor: Robe              ||     1
Dodge: Dodged            ||    10

Table legend: (Time is in decaauts)
 A = Elapsed time spent in this place.
 B = Non-inter-level travel time spent in this place.
 C = Inter-level travel time spent in this place.
 D = Time resting spent in this place.
 E = Time spent auto-exploring this place.
 F = Levels seen in this place.
 G = Mean time per level.
                   A        B        C        D        E       F      G
               +--------+--------+--------+--------+--------+-----+--------+
         Total |    236 |    236 |      0 |     31 |     68 |   2 |  118.0 |
       Dungeon |    236 |    236 |      0 |     31 |     68 |   2 |  118.0 |
               +--------+--------+--------+--------+--------+-----+--------+

Top non-repeatable levels by time:
     D:2: 207 daAuts
     D:1: 29 daAuts
